 Dungeon Crawl Stone Soup version 0.25-a0-277-g7046ed1b37 (webtiles) character file.

Game seed: 6130733920256523765, levelgen mode: deterministic

52 MalarOregon the Conjurer (level 3, -5/28 HPs)
             Began as a Draconian Conjurer on Dec 9, 2019.
             Slain by a scorpion (7 damage)
             ... on level 2 of the Dungeon.
             The game lasted 00:03:15 (2021 turns).

MalarOregon the Conjurer (Draconian Conjurer)       Turns: 2021, Time: 00:03:15

Health: -5/28      AC:  6    Str: 15    XL:     3   Next: 60%
Magic:  6/6        EV: 12    Int: 16    God:
Gold:   47         SH:  0    Dex: 11    Spells: 3/7 levels left

rFire    . . .     SeeInvis .   a - +0 hand axe
rCold    . . .     Gourm    .   (no shield)
rNeg     . . .     Faith    .   (armour unavailable)
rPois    .         Spirit   .   (helmet restricted)
rElec    .         Reflect  .   (no cloak)
rCorr    .         Harm     .   h - +0 pair of gloves
MR       .....                  (no boots)
Stlth    ++........             (no amulet)
HPRegen  0.09/turn              (no ring)
MPRegen  0.10/turn              (no ring)

@: mighty, lethally poisoned (-5 -> -10), very slightly contaminated
A: unfitting armour, cold-blooded, AC +5
a: no special abilities


You were on level 2 of the Dungeon.
You were hungry.

You visited 1 branch of the dungeon, and saw 2 of its levels.

You collected 47 gold pieces.

Inventory:

Hand Weapons
 a - a +0 hand axe (weapon)
   (You found it on level 1 of the Dungeon)
Armour
 h - a +0 pair of gloves (worn)
   (You found it on level 1 of the Dungeon)
Scrolls
 b - 3 scrolls of teleportation {unknown}
 c - a scroll of noise {unknown}
 i - 5 scrolls of identify {unknown}
 l - a scroll of amnesia {unknown}
 m - a scroll of magic mapping {unknown}
Potions
 f - a potion of heal wounds {unknown}
 g - a potion of mutation {unknown}
Comestibles
 e - 4 rations {!d}
 k - 2 chunks of flesh


   Skills:
 + Level 1.4 Fighting
 + Level 2.3 Dodging
 - Level 1.7 Stealth
 + Level 2.5 Spellcasting
 + Level 4.3 Conjurations
 + Level 0.2 Hexes


You had 3 spell levels left.
You knew the following spells:

 Your Spells              Type           Power        Failure   Level  Hunger
a - Magic Dart            Conj           ###.         3%          1    #......
b - Dazzling Flash        Conj/Hex       #.....       24%         3    ###....

Your spell library contained the following spells:

 Spells                   Type           Power        Failure   Level  Hunger
 Searing Ray              Conj           ###...       4%          2    ##.....
 Fulminant Prism          Conj/Hex       #.........   61%         4    #####..
 Iskenderun's Mystic Bla  Conj/Tloc      #.......     63%         4    #####..


Dungeon Overview and Level Annotations

Branches:
Dungeon (2/15)

Altars:


Innate Abilities, Weirdness & Mutations

Your plain brown scales are hard. (AC +5)
You cannot fit into any form of body armour.
You are cold-blooded and may be slowed by cold attacks.


Message History

You don't have enough magic to cast that spell.
You barely miss the scorpion. The scorpion barely misses you.
The scorpion closely misses you.
You hit the scorpion but do no damage. You tail-slap the scorpion.
The scorpion stings you.
You hit the scorpion but do no damage.
The scorpion stings you but does no damage.
You closely miss the scorpion.
The scorpion stings you but does no damage.
The scorpion misses you. The scorpion closely misses you.
You barely miss the scorpion.
Your tail-slap misses the scorpion.
The scorpion closely misses you.
You hit the scorpion but do no damage. The scorpion closely misses you.
You barely miss the scorpion. The scorpion stings you.
* * * LOW HITPOINT WARNING * * *
You hit the scorpion but do no damage. The scorpion barely misses you.
The scorpion stings you.
* * * LOW HITPOINT WARNING * * *
You hit the scorpion. The scorpion stings you.
* * * LOW HITPOINT WARNING * * *
Here: a scorpion (heavily wounded)
The floor.
Things that are here:
a stone; a quokka skeleton The scorpion closely misses you.
You are feeling hungry.
There is an open door here.
You don't know that spell.
You miscast Dazzling Flash.
You are very lightly contaminated with residual magic.
You feel a bit tired. The scorpion stings you.
* * * LOW HITPOINT WARNING * * *
You are lethally poisoned!
The scorpion poisons you!
Unknown command.
Unknown command.
* * * LOW HITPOINT WARNING * * *
You feel sick.
* * * LOW HITPOINT WARNING * * *
You feel sick.
* * * LOW HITPOINT WARNING * * *
You feel sick.
* * * LOW HITPOINT WARNING * * *
You feel sick.
It was a potion of might.
You feel very mighty all of a sudden.
It was a potion of magic.
Magic courses through your body. The scorpion stings you!
You die...

...#. ...#..#########
...#..........#########
...#..........+.......#####
...#.......รท..######......#
...#..######+#<...[.......#
#..#..# #.####.......#
#.(#..# #.######.......#
#.....# #....@s........#
#.#...##############......#
#...>...........# #......#
#####...#######.# ##'#####
#...# #.# #.# #...# #.# #.#
#...# #.# #.# #...#
#.#####.# ##### #.......#


You could see a scorpion.

Vanquished Creatures
  An adder (D:2)
  A worm (D:2)
  A leopard gecko (D:1)
  2 giant cockroaches
  8 goblins
  2 hobgoblins (D:1)
  8 jackals (D:1)
  3 kobolds
  A quokka (D:2)
  2 bats (D:1)
  2 frilled lizards (D:1)
  3 rats
34 creatures vanquished.

Notes
Turn   | Place    | Note
-------+----------+-------------------------------------------
     0 | D:1      | MalarOregon the Draconian Conjurer began the quest for the
                  | Orb.
     0 | D:1      | Reached XP level 1. HP: 14/14 MP: 3/3
   323 | D:1      | Reached XP level 2. HP: 16/22 MP: 0/5
   595 | D:1      | Reached skill level 1 in Fighting
  1207 | D:1      | Reached XP level 3. HP: 26/28 MP: 6/6
  1557 | D:2      | Noticed a scorpion
  1750 | D:2      | Learned a level 3 spell: Dazzling Flash
  2021 | D:2      | Slain by a scorpion

Levels and vault maps discovered:
D:1:      dpeg_arrival_tiny_h, layout_basic
D:2:      layout_basic, lemuel_doored_altar, nemelex_dance_club_becter

Skill      XL: |  1  2 |
---------------+-------+-----
Dodging        | 2 |  2.3
Fighting       | 1 |  1.4
Stealth        | |  1.7
Spellcasting   | |  2.5
Conjurations   | |  4.3
Hexes          | |  0.2

Action                   || total
-------------------------++-------
Melee: Unarmed           ||    54
       Tailslap          ||    11
       Hand axe          ||    69
 Cast: Magic Dart        ||    43
       Dazzling Flash    ||     2
  Use: Potion            ||     2
  Eat: Chunk             ||     4
Armor: Skin              ||    43
Dodge: Dodged            ||    94

Table legend:
 A = Non-vault XP
 B = Vault XP
 C = Vault XP percentage of total XP
 D = Non-vault monster count
 E = Vault monster count
 F = Vault count percentage of total count
                 A         B        C        D         E       F
            +---------+---------+-------+---------+---------+-------
      Total |      75 |       0 |   0.0 |      34 |       0 |   0.0
            +---------+---------+-------+---------+---------+-------
        D:1 |      45 |       0 |   0.0 |      25 |       0 |   0.0
        D:2 |      30 |       0 |   0.0 |       9 |       0 |   0.0
            +---------+---------+-------+---------+---------+-------
